AoeStats
← [NICE_ASS] BigMasi

Nomad

506711909Analyzed
4v4 RM · 18d ago on Sep 14, 2026· 55m 21s· 8 players
Game mode
Random Map
Map size
231×231
Population
200
Speed
Normal
Resources
Standard
Victory
Conquest
Starting age
Dark Age
Ending age
Imperial Age
RankedLock teamsTeams togetherTeam positionsShared explorationLock speedFull tech treeHidden civsTurbo modeCheats
Victory
Defeat
🇨🇭 Wei · Switzerland
1244
+13
🇨🇭 Vietnamese · Switzerland
1240
+13
🇨🇭 Byzantines · Switzerland
1103
+18
🇨🇭 Chinese · Switzerland
1096
+19
🇪🇸 Koreans · Spain
1201
-17
🇫🇷 Malians · France
1164
-16
🇫🇷 Huns · France
1158
-15
🇫🇷 Persians · France
1148
-15
Evil Walks
11:40 Loom
13:52 Feudal Age
17:30 Castle Age
17:14 Fletching
17:25 Padded Archer Armor
17:13 Double-Bit Axe
24:14 Wheelbarrow
25:49 Town Watch
27:31 Horse Collar
30:42 Hand Cart
31:47 Town Patrol
34:09 Stone Mining
34:09 Gold Mining
34:22 Heavy Plow
38:09 Imperial Age
39:55 Conscription
39:39 Marauders
39:53 Bloodlines
39:43 Husbandry
40:36 Scale Barding Armor
40:42 Forging
40:38 Bodkin Arrow
41:31 Bow Saw
41:52 Elite Skirmisher
43:07 Squires
43:10 Bracer
43:26 Leather Archer Armor
43:42 Thumb Ring
44:01 Ballistics
44:24 Gold Shaft Mining
45:30 Two-Man Saw
45:47 Chemistry
45:27 Masonry
45:23 Light Cavalry
46:39 Chain Barding Armor
46:54 Iron Casting
47:57 Plate Barding Armor
49:44 Blast Furnace
Mameluco adbuser
4:02 Loom
15:02 Feudal Age
16:58 Fletching
17:18 Horse Collar
24:21 Castle Age
22:45 Scale Mail Armor
24:27 Crossbowman
25:48 Bodkin Arrow
29:22 Masonry
42:11 Ballistics
46:02 Husbandry
49:25 Elite Skirmisher
50:54 Gold Mining
51:34 Murder Holes
Rpt
6:52 Loom
14:37 Feudal Age
19:38 Castle Age
17:41 Double-Bit Axe
18:05 Stone Mining
19:28 Town Watch
30:28 Forging
31:07 Scale Mail Armor
34:23 Horse Collar
36:36 Wheelbarrow
37:54 Heavy Plow
49:49 Imperial Age
53:13 Iron Casting
52:44 Scale Barding Armor
53:26 Farimba
53:47 Conscription
55:04 Chain Barding Armor
54:06 Cavalier
54:57 Bloodlines
55:19 Husbandry
Fricelebarbare
8:28 Loom
14:00 Feudal Age
14:00 Loom
15:44 Double-Bit Axe
18:10 Castle Age
16:32 Fishing Lines
18:59 Bow Saw
19:59 Forging
20:15 Gillnets
22:24 Wheelbarrow
24:18 Bloodlines
24:09 Husbandry
30:30 Hand Cart
30:00 Town Watch
37:40 Town Patrol
38:28 Fletching
38:46 Gold Mining
38:47 Stone Mining
42:36 Imperial Age
41:31 Scale Barding Armor
42:03 Iron Casting
42:36 Cavalier
43:40 Chain Barding Armor
46:18 Savar
48:22 Blast Furnace
48:33 Plate Barding Armor
51:18 Bodkin Arrow
hanibalX
3:08 Loom
16:56 Feudal Age
17:25 Double-Bit Axe
17:49 Gold Mining
17:47 Fishing Lines
21:13 Castle Age
19:46 Fletching
19:57 Padded Archer Armor
22:18 Bow Saw
22:16 Bodkin Arrow
22:36 Leather Archer Armor
23:49 Medium Warships
23:00 Demolition Ship
26:44 Ballistics
27:32 Wheelbarrow
27:16 Gillnets
27:42 Town Watch
28:50 Gold Shaft Mining
28:33 Siphons
28:40 Careening
31:51 Horse Collar
32:30 Thumb Ring
35:47 Imperial Age
35:30 Masonry
35:57 Town Patrol
36:13 Hand Cart
36:04 Heavy Plow
37:02 Conscription
36:48 Bracer
37:18 Ring Archer Armor
37:54 Chemistry
39:31 Rocketry
40:35 Two-Man Saw
41:06 Elite Chu Ko Nu
43:45 Coinage
44:23 Architecture
43:50 Murder Holes
44:42 Arrowslits
45:57 Banking
45:55 Forging
45:45 Scale Mail Armor
47:15 Heavy Rocket Cart
49:50 Chain Mail Armor
50:11 Iron Casting
51:06 Plate Mail Armor
50:12 Elite Fire Lancer
50:53 Squires
53:58 Arson
[UB] Kühne
4:41 Loom
6:43 Loom
15:27 Feudal Age
19:19 Castle Age
17:46 Double-Bit Axe
20:25 Bow Saw
21:24 Fletching
22:57 Treadmill Crane
23:50 Bodkin Arrow
25:55 Padded Archer Armor
27:48 Guard Tower
28:19 Padded Archer Armor
46:48 Imperial Age
49:20 Bracer
49:41 Padded Archer Armor
53:04 Leather Archer Armor
54:24 Murder Holes
55:33 Ballistics
55:29 Horse Collar
[NICE_ASS] BigMasi
5:32 Loom
14:51 Feudal Age
15:38 Double-Bit Axe
15:36 Fishing Lines
17:00 Horse Collar
19:50 Castle Age
19:58 Scale Barding Armor
24:53 Bow Saw
25:38 Wheelbarrow
25:22 Bloodlines
26:26 Chain Barding Armor
31:52 Hand Cart
31:23 Town Watch
40:46 Husbandry
46:15 Imperial Age
46:00 Forging
47:31 Iron Casting
46:27 Heavy Hei Guang Cavalry
49:18 Blast Furnace
48:44 Conscription
48:59 Ming Guang Armor
48:58 Tuntian
54:54 Light Cavalry
[UKB] Vincent Giovanni
15:08 Feudal Age
15:40 Double-Bit Axe
16:06 Fishing Lines
20:08 Castle Age
18:33 Gold Mining
20:08 Loom
20:39 Horse Collar
21:14 Bow Saw
23:46 Medium Warships
24:58 Wheelbarrow
27:10 Hand Cart
27:39 Fletching
28:54 Bodkin Arrow
30:14 Gillnets
30:43 Padded Archer Armor
30:39 Crossbowman
30:54 Elite Skirmisher
31:40 Thumb Ring
34:30 Imperial Age
33:43 Ballistics
33:24 Pikeman
34:05 Squires
34:34 Arson
34:53 Scale Mail Armor
35:09 Leather Archer Armor
35:59 Scale Barding Armor
36:08 Forging
35:44 Elite Cataphract
36:45 Conscription
38:56 Chain Barding Armor
42:04 Imperial Skirmisher
44:41 Coinage
45:00 Plate Barding Armor
45:20 Bracer
45:59 Leather Archer Armor
47:36 Gold Shaft Mining
46:51 Stone Mining
48:01 Iron Casting
48:48 Logistica
49:30 Halberdier
51:15 Chain Mail Armor
55:22 Plate Mail Armor
Connection lost

Rejoining the realm…

Still unreachable

The connection could not be restored.

Session expired

The server has moved on; the page needs a fresh start.